 Dungeon Crawl Stone Soup version 0.28.0 (webtiles) character file.

Game seed: 1389222861987140381

51 funkygono the Firebug (level 3, -4/19 HPs)
             Began as a Gargoyle Fire Elementalist on Feb 15, 2022.
             Slain by a gnoll (8 damage)
             ... on level 2 of the Dungeon.
             The game lasted 00:01:54 (1079 turns).

funkygono the Firebug (Gargoyle Fire Elementalist)  Turns: 1079, Time: 00:01:54

Health: -4/19      AC:  5    Str: 11    XL:     3   Next: 83%
Magic:  0/6        EV: 12    Int: 17    God:
Gold:   73         SH:  0    Dex: 10    Spells: 0/6 levels left

rFire   . . .      SeeInvis .   d - +0 mace
rCold   . . .      Faith    .   (no shield)
rNeg    + . .      Spirit   .   a - +0 robe
rPois   ∞          Reflect  .   (no helmet)
rElec   +          Harm     .   (no cloak)
rCorr   .          Rampage  .   (no gloves)
Will    .....                   (no boots)
Stlth   ++........              (no amulet)
HPRegen 0.06/turn               (no ring)
MPRegen 0.10/turn               (no ring)

@: no status effects
A: sickness immunity, AC +3, negative energy resistance 1, electricity
resistance, torment resistance 1, petrification resistance
a: no special abilities


You were on level 2 of the Dungeon.
You visited 1 branch of the dungeon, and saw 2 of its levels.

You collected 73 gold pieces.

Inventory:

Hand Weapons
 d - a +0 mace (weapon)
Missiles
 f - 64 stones
Armour
 a - a +0 robe (worn)
Scrolls
 e - a scroll of identify {unknown}
Potions
 b - a potion of flight {unknown}
 c - a potion of attraction {unknown}
 g - 2 potions of haste


   Skills:
 + Level 1.6 Dodging
 - Level 2.1 Stealth
 * Level 2.4 Spellcasting
 * Level 1.6 Conjurations
 * Level 4.0 Fire Magic


You couldn't memorise any spells.
You knew the following spells:

 Your Spells              Type           Power      Damage    Failure   Level
a - Foxfire               Conj/Fire      44%        2x1d6     5%          1
b - Scorch                Fire           30%        2d7       5%          2
c - Conjure Flame         Conj/Fire      11%        6-21      17%         3

Your spell library contained the following spells:

 Spells                   Type           Power      Damage    Failure   Level
 Inner Flame              Hex/Fire       9%         N/A       24%         3
 Flame Wave               Conj/Fire      11%        2d5       50%         4


Dungeon Overview and Level Annotations

Branches:
Dungeon (2/15)

Altars:

Annotations:
D:2 Natasha


Innate Abilities, Weirdness & Mutations

You are immune to sickness and miasma.
Your stone body is resilient. (AC +3)
You are immune to poison.
You resist negative energy. (rN+)
You are resistant to electric shocks. (rElec)
You are resistant to unholy torment.
You are immune to petrification.


Message History

Natasha casts a spell.
A ball python comes into view.
Natasha casts a spell at you. The magic dart hits you.
You see here a rat corpse.
Natasha extends her claws.
You see here a rat corpse.
The ball python hisses angrily.
Natasha casts a spell at you. You resist with significant effort.
Things that are here:
a +0 spear; a gnoll corpse The iron imp disappears in a puff of smoke!
A gnoll comes into view. It is wielding a +0 flail.
The gnoll shouts!
The gnoll moves out of view.
Casting: Foxfire (safe; 6% risk of failure)
Confirm with . or Enter, or press ? or * to list all spells.
You conjure some foxfire!
Natasha drinks a potion.
Natasha seems to speed up.
The foxfire hits the gnoll but does no damage.
The foxfire hits the gnoll.
The gnoll is moderately wounded.
Natasha casts a spell.
The gnoll hits you with a +0 flail.
Casting: Foxfire (safe; 6% risk of failure)
Confirm with . or Enter, or press ? or * to list all spells.
You conjure some foxfire!
The gnoll hits you with a +0 flail!
Ouch! That really hurt!
* * * LOW HITPOINT WARNING * * *
Unknown command.
The foxfire hits the gnoll.
The gnoll is severely wounded.
The foxfire hits the ball python.
You kill the ball python!
The gnoll completely misses you.
A bat comes into view.
Casting: Foxfire (safe; 5% risk of failure)
Confirm with . or Enter, or press ? or * to list all spells.
You conjure some foxfire!
The gnoll hits you with a +0 flail!
You die...

### ##########
##.######
#........####.......#
..######.h.h5..####.#
..# #######..v...#
..# #.g@...# #.#
#.v....# #.#
#######.....## #..
#...........# ####
#......##.###
#...b..##.#
#...)..##.####
#............#
#......##.##.#


You could see Natasha (fast), a gnoll (ally target), a crimson imp (summoned)
and a bat.

Vanquished Creatures
  2 gnolls (D:2)
  A dart slug (D:1)
  6 ball pythons
  3 bats (D:2)
  3 endoplasms
  5 goblins
  3 hobgoblins
  A quokka (D:1)
  A kobold (D:2)
  4 rats
29 creatures vanquished.

Vanquished Creatures (others)
  75 foxfires
75 creatures vanquished.

Grand Total: 104 creatures vanquished

Notes
Turn   | Place    | Note
-------+----------+-------------------------------------------
     0 | D:1      | funkygono the Gargoyle Fire Elementalist began the quest
                  | for the Orb.
     0 | D:1      | Reached XP level 1. HP: 10/10 MP: 3/3
   109 | D:1      | Reached XP level 2. HP: 15/15 MP: 1/5
   115 | D:1      | Learned a level 2 spell: Scorch
   821 | D:2      | Reached XP level 3. HP: 19/19 MP: 4/6
   825 | D:2      | Learned a level 3 spell: Conjure Flame
   866 | D:2      | Identified the +1 leather armour of Vanity {Dex+7}
  1046 | D:2      | Noticed Natasha
  1048 | D:2      | Reached skill level 4 in Fire Magic
  1079 | D:2      | Slain by a gnoll

Illustrated notes

Levels and vault maps discovered:
D:1:      nzn_arrival_settlement, layout_rooms, minmay_misc_feat_five
D:2:      layout_loops_cross, minmay_joined_circles, uniq_natasha

Skill      XL: |  1  2  3 |
---------------+----------+-----
Fire Magic     | 4 |  4.0
Dodging        | |  1.6
Stealth        | |  2.1
Spellcasting   | |  2.4
Conjurations   | |  1.6

Action                   || total
-------------------------++-------
 Cast: Foxfire           ||    45
       Scorch            ||     5
Armor: Robe              ||     1
Dodge: Dodged            ||     8
